 Dungeon Crawl Stone Soup version 0.28.0 (webtiles) character file.

Game seed: 5326933571643162559

515 GraveyardiganJr the Chopper (level 7, 0/63 HPs)
             Began as a Naga Fighter on Feb 7, 2022.
             Was a Believer of Vehumet.
             Slain by an iguana (10 damage)
             ... on level 5 of the Dungeon.
             The game lasted 00:54:38 (4580 turns).

GraveyardiganJr the Chopper (Naga Fighter)          Turns: 4580, Time: 00:54:39

Health: 0/63       AC:  7    Str: 18    XL:     7   Next: 20%
Magic:  2/10       EV:  9    Int: 11    God:    Vehumet [**....]
Gold:   99         SH:  9    Dex: 10    Spells: 5/10 levels left

rFire   . . .      SeeInvis +   a - +0 war axe
rCold   + . .      Faith    .   c - +0 buckler
rNeg    . . .      Spirit   .   p - +0 robe
rPois   +          Reflect  +   r - +2 helmet
rElec   .          Harm     .   (no cloak)
rCorr   .          Rampage  .   z - +0 pair of gloves
Will    +....                   (no barding)
Stlth   ++........              x - amulet of reflection
HPRegen 0.20/turn               A - ring of willpower
MPRegen 0.12/turn               w - ring of protection from cold

@: very slightly contaminated, studying Poison Magic, very slow
A: AC +2, large, see invisible, deformed body, poison resistance, slowness 2,
spit poison 1, naga tail 1
a: Spit Poison, Renounce Religion


You were on level 5 of the Dungeon.
You worshipped Vehumet.
Vehumet was pleased with you.
You visited 1 branch of the dungeon, and saw 5 of its levels.

You collected 99 gold pieces.

Inventory:

Hand Weapons
 a - a +0 war axe (weapon)
 d - a +3 dagger
 l - a +0 trident
Missiles
 f - 3 boomerangs of dispersal
 g - 86 stones
 h - 4 boomerangs
Armour
 c - a +0 buckler (worn)
 p - a +0 robe (worn)
 r - a +2 helmet (worn)
 z - a +0 pair of gloves (worn)
Magical Staves
 b - a staff of fire
Jewellery
 q - a ring of flight
 t - an amulet of guardian spirit
 v - an amulet of regeneration
 w - a ring of protection from cold (right hand)
 x - an amulet of reflection (around neck)
 A - a ring of willpower (left hand)
Wands
 e - a wand of mindburst (10)
 k - a wand of digging (9)
Scrolls
 i - a scroll of identify
 y - a scroll of enchant weapon {unknown}
Potions
 m - a potion of haste {unknown}
 n - 3 potions of magic {unknown}
 o - 4 potions of curing
 s - a potion of berserk rage {unknown}
 u - a potion of might


   Skills:
 + Level 3.6 Fighting
 + Level 4.1 Axes
 - Level 2.5 Armour
 + Level 0.3 Dodging
 + Level 2.8 Stealth
 + Level 3.1 Shields
 + Level 2.1 Spellcasting
 * Level 2.4 Conjurations
 * Level 2.0 Fire Magic
 + Level 1.2 Air Magic


You had 5 spell levels left.
You knew the following spells:

 Your Spells              Type           Power      Damage    Failure   Level
a - Static Discharge      Conj/Air       5%         N/A       26%         2
s - Scorch                Fire           10%        2d5       22%         2
x - Foxfire               Conj/Fire      24%        2x1d5     14%         1

Your spell library contained the following spells:

 Spells                   Type           Power      Damage    Failure   Level
 Blink                    Tloc           2%         N/A       47%         2
 Manifold Assault         Tloc           1%         N/A       100%        5
 Storm Form               Tmut/Air       1%         N/A       100%        7


Dungeon Overview and Level Annotations

Branches:
Dungeon (5/15)
 Temple: D:4-7

Altars:
Vehumet
The Shining One

Annotations:
D:3 exclusions: orc and skeleton
D:4 Eustachio


Innate Abilities, Weirdness & Mutations

Your serpentine skin is tough. (AC +2)
You have supernaturally acute eyesight. (SInv)
Armour fits poorly on your strangely shaped body.
Your system is resistant to poisons. (rPois)
You cover ground very slowly.
You can spit poison.
You have a snake-like lower body.


Message History

The iguana is heavily wounded.
Casting: Foxfire (safe; 14% risk of failure)
Confirm with . or Enter, or press ? or * to list all spells.
You conjure some foxfire!
You have got your breath back.
The iguana bites you.
Press: ? - help, . - travel You can't see that place.
Press: ? - help, . - travel You can't see that place.
Unknown command.
Press: ? - help, v - describe, . - travel
Here: an iguana (heavily wounded, poisoned, ally target)
The floor.
The foxfire hits the iguana.
The iguana is severely wounded.
The foxfire hits the iguana but does no damage.
The iguana is severely wounded.
The iguana bites you.
Casting: Foxfire (safe; 14% risk of failure)
Confirm with . or Enter, or press ? or * to list all spells.
You miscast Foxfire.
You are very lightly contaminated with residual magic.
Nothing appears to happen.
You block the iguana's attack.
Casting: Foxfire (safe; 14% risk of failure)
Confirm with . or Enter, or press ? or * to list all spells.
You conjure some foxfire!
The iguana looks more healthy.
The iguana bites you!
The foxfire hits the iguana.
The iguana is almost dead.
The foxfire hits the iguana but does no damage.
The iguana is almost dead.
You completely miss the iguana.
The iguana is almost dead.
The iguana hisses menacingly.
You block the iguana's attack. The iguana bites you!
* * * LOW HITPOINT WARNING * * *
You barely miss the iguana.
The iguana is almost dead.
The iguana bites you!
You die...

#.# #)# .##.####... #.# #.#
#.##........ #.# #.#
#.##........ #.# #.#
#.#######.#. #.### #.# #.#
#.## #...## #)# #.# ####.##
##.#.###.#########[# #....>.
##.###.#............# #.##.#.
#.## ##.....l@..###.# #.##.#.
#..###.#........###.####.##.#.
#.#.#.###................##...
#.##................##########
####.#######.......##.##
...........#.......##.#
####..................#
#.#####.#.########## ###.#
#.#.#


You could see an iguana.

Vanquished Creatures
  2 centaurs (D:5)
  A phantom (D:5)
  A hound (D:5)
  2 orc priests (D:3)
  A gnoll shaman (D:5)
  4 adders
  5 gnolls (D:5)
  A white imp (D:3)
  An adder skeleton (D:4)
  A worm (D:3)
  2 dart slugs
  4 orcs
  3 bats (D:1)
  9 endoplasms
  A giant cockroach (D:3)
  6 goblins
  7 hobgoblins
  2 quokkas (D:1)
  6 ball pythons
  3 frilled lizards
  6 kobolds
  7 rats
75 creatures vanquished.

Vanquished Creatures (others)
  49 foxfires
  2 plants (D:1)
51 creatures vanquished.

Grand Total: 126 creatures vanquished

Notes
Turn   | Place    | Note
-------+----------+-------------------------------------------
     0 | D:1      | GraveyardiganJr the Naga Fighter began the quest for the
                  | Orb.
     0 | D:1      | Reached XP level 1. HP: 21/21 MP: 1/1
    68 | D:1      | Found a faded altar of an unknown god.
   306 | D:1      | Prayed at the altar of an unknown god.
   306 | D:1      | Became a worshipper of Vehumet
   306 | D:1      | Reached * piety under Vehumet
   306 | D:1      | Offered knowledge of Foxfire by Vehumet.
   545 | D:1      | Reached XP level 2. HP: 27/28 MP: 2/2
   547 | D:1      | Learned a level 1 spell: Foxfire
   556 | D:1      | Reached skill level 1 in Stealth
  1129 | D:2      | Found a glowing golden altar of the Shining One.
  1148 | D:2      | Reached XP level 3. HP: 30/34 MP: 3/3
  1251 | D:2      | Offered knowledge of Static Discharge by Vehumet.
  1339 | D:2      | Reached ** piety under Vehumet
  2087 | D:4      | Learned a level 2 spell: Static Discharge
  2165 | D:4      | Noticed Eustachio
  2293 | D:3      | Reached XP level 4. HP: 40/42 MP: 5/5
  2442 | D:3      | Identified the +1 chain mail of Tohugis {rN++ Will- Str+4
                  | SInv}
  2451 | D:3      | Reached skill level 1 in Air Magic
  2462 | D:3      | Reached skill level 1 in Spellcasting
  2539 | D:3      | Reached skill level 3 in Axes
  2542 | D:3      | Offered knowledge of Scorch by Vehumet.
  2543 | D:3      | Reached XP level 5. HP: 22/49 MP: 3/6
  2572 | D:3      | Learned a level 2 spell: Scorch
  3569 | D:4      | Reached skill level 1 in Conjurations
  3615 | D:5      | Entered Level 5 of the Dungeon
  4061 | D:5      | Noticed a centaur
  4061 | D:5      | Noticed a centaur
  4062 | D:5      | Killed a centaur
  4063 | D:5      | Reached skill level 1 in Fire Magic
  4063 | D:5      | Reached XP level 6. HP: 37/56 MP: 8/8
  4348 | D:5      | Reached skill level 4 in Axes
  4555 | D:5      | Reached XP level 7. HP: 36/62 MP: 7/10
  4580 | D:5      | Slain by an iguana

Illustrated notes

Levels and vault maps discovered:
D:1:      sevenhm_arrival_forest_fort_small_5, layout_loops_ring,
          shapermc_ecumenical_altar_mp_ritualfount
D:2:      layout_loops_ring, basic_altar
D:3:      kb_forest_paths, layout_loops_ring
D:4:      layout_cave_pools, nrook_uturn, uniq_crazy_yiuf_cottage,
          uniq_eustachio
D:5:      layout_loops_ring, minmay_manual_mares

Skill      XL: |  1  2  3  4  5  6 |
---------------+-------------------+-----
Stealth        | 1 2 |  2.8
Air Magic      | 1 |  1.2
Spellcasting   | 1 2 |  2.1
Axes           | 3 4 |  4.1
Shields        | 3 |  3.1
Conjurations   | 1 2 |  2.4
Fire Magic     | 1 2 |  2.0
Fighting       | |  3.6
Armour         | |  2.5
Dodging        | |  0.3

Action                   |  1- 3 |  4- 6 |  7- 9 || total
-------------------------+-------+-------+-------++-------
Melee: War axe           |    63 |    39 |    12 ||   114
Throw: Boomerang         |     2 |     2 |       ||     4
 Cast: Foxfire           |     9 |    15 |     3 ||    27
       Scorch            |       |     2 |     2 ||     4
 Abil: Spit Poison       |    42 |    28 |     2 ||    72
  Use: Scroll            |     3 |     4 |       ||     7
       Potion            |       |       |     1 ||     1
 Stab: Sleeping          |     1 |     1 |       ||     2
Armor: Scale mail        |     3 |       |       ||     3
       Leather armour    |    14 |       |       ||    14
       Robe              |     4 |    13 |     2 ||    19
Dodge: Dodged            |    28 |    10 |     6 ||    44
Block: Buckler           |    12 |    22 |     7 ||    41
       Reflection        |       |     4 |       ||     4
